NYP
MILWAUKEE (NYP) BREWERS @ BROOKLYN CYCLONES
04/14/2045
 
TOP OF THE 1ST
Milwaukee (NYP) Brewers batting - Pitching for Brooklyn Cyclones : LHP Steve Lewis
Pitching: LHP Steve Lewis
Batting: RHB Hector Silva 0-0: Called Strike
0-1: Ball
1-1: TRIPLE (Flyball, 89XD, EV 106.2 MPH)
Batting: RHB Jonathan Sarles 0-0: Called Strike
0-1: Reached on error, E3 (Groundball, 34, EV 81.2 MPH)
Hector Silva scores
Batting: SHB Mike Williams 0-0: Ball
1-0: Ball
2-0: SINGLE (Groundball, 4D, EV 102.5 MPH)
Jonathan Sarles to third
Runner from 3rd tries for Home, SAFE, throw by CF to home
Batting: RHB Skyler Goss 0-0: Called Strike
0-1: Foul Ball, location: 2F
0-2: Ball
1-2: Ball
2-2: Strikes out looking
Batting: RHB Dustin Hartman 0-0: Called Strike
0-1: Ball
1-1: Ball
2-1: Foul Ball, location: 2F
2-2: Foul Ball, location: 2F
2-2: Ball
3-2: Base on Balls
Mike Williams to second
Batting: SHB Robert Sayer 0-0: Called Strike
0-1: Ball
1-1: Called Strike
1-2: Foul Ball, location: 2F
1-2: Ball
2-2: Ball
3-2: Foul Ball, location: 2F
3-2: DOUBLE (Line Drive, 78D, EV 105.6 MPH)
Mike Williams scores
Dustin Hartman to third
Batting: RHB Ben Taylor 0-0: Ball
1-0: DOUBLE (Groundball, 5L, EV 100.6 MPH)
Dustin Hartman scores
Robert Sayer scores
Batting: RHB Raymond Young 0-0: Ball
1-0: Foul Ball, location: 2F
1-1: Ball
2-1: Ball
3-1: Swinging Strike
3-2: SINGLE (Groundball, 6MD, EV 100.6 MPH)
Ben Taylor to third
Runner from 3rd tries for Home, SAFE, throw by CF to home
Batting: RHB Bobby McCann 0-0: Ball
1-0: Ground out 5-3 (Groundball, 5S, EV 66.9 MPH)
Raymond Young to second
Batting: RHB Hector Silva 0-0: Called Strike
0-1: Called Strike
0-2: Ball
1-2: Ball
2-2: Ball
3-2: Base on Balls
Batting: RHB Jonathan Sarles 0-0: Foul Ball, location: 2F
0-1: Called Strike
0-2: Ball
1-2: Ball
2-2: Foul Ball, location: 2F
2-2: Ground out 5-3 (Groundball, 56S, EV 81.2 MPH)
Top of the 1st over - 6 runs, 5 hits, 1 error, 2 left on base; Milwaukee (NYP) 6 - Brooklyn 0
BOTTOM OF THE 1ST
Brooklyn Cyclones batting - Pitching for Milwaukee (NYP) Brewers : LHP Mike Moffett
Pitching: LHP Mike Moffett
Batting: RHB Junki Nakamoto 0-0: Called Strike
0-1: Foul Ball, location: 2F
0-2: Ball
1-2: Strikes out looking
Batting: SHB Alex Cavazos 0-0: Foul Ball, location: 2F
0-1: Ball
1-1: Ball
2-1: Swinging Strike
2-2: Foul Ball, location: 2F
2-2: Strikes out looking
Batting: RHB Jose Lara 0-0: Called Strike
0-1: Called Strike
0-2: Ground out 6-3 (Groundball, 6, EV 90.0 MPH)
Bottom of the 1st over - 0 runs, 0 hits, 0 errors, 0 left on base; Milwaukee (NYP) 6 - Brooklyn 0
TOP OF THE 2ND
Milwaukee (NYP) Brewers batting - Pitching for Brooklyn Cyclones : LHP Steve Lewis
Batting: SHB Mike Williams 0-0: TRIPLE (Line Drive, 89XD, EV 106.2 MPH)
Batting: RHB Skyler Goss 0-0: Ball
Wild Pitch!
Mike Williams scores
1-0: Foul Ball, location: 2F
1-1: SINGLE (Groundball, 3D, EV 104.4 MPH)
Pitching: LHP Edwin Guzman
Batting: RHB Dustin Hartman 0-0: Ball
1-0: Called Strike
1-1: Ball
2-1: Ball
3-1: Base on Balls
Skyler Goss to second
Batting: SHB Robert Sayer 0-0: Ball
1-0: Ball
2-0: Called Strike
2-1: SINGLE (Groundball, 25, EV 71.9 MPH) (infield hit)
Skyler Goss to third
Dustin Hartman to second
Batting: RHB Ben Taylor 0-0: SINGLE (Groundball, 34D, EV 96.9 MPH)
Skyler Goss scores
Dustin Hartman to third
Robert Sayer to second
Batting: RHB Raymond Young 0-0: Ball
Wild Pitch!
Dustin Hartman scores
Robert Sayer to third
Ben Taylor to second
1-0: Called Strike
1-1: Ball
2-1: Ground out U3 (Groundball, 34, EV 104.4 MPH)
Robert Sayer scores
Ben Taylor to third
Batting: RHB Bobby McCann 0-0: Called Strike
0-1: Foul Ball, location: 2F
0-2: Ball
1-2: Foul Ball, location: 2F
1-2: Foul Ball, location: 2F
1-2: Strikes out swinging
Batting: RHB Hector Silva 0-0: Ball
1-0: Ball
2-0: Ball
Wild Pitch!
Ben Taylor scores
3-0: Called Strike
3-1: Swinging Strike
3-2: SINGLE (Line Drive, 9S, EV 96.9 MPH)
Batting: RHB Jonathan Sarles 0-0: Foul Ball, location: 2F
0-1: Foul Ball, location: 2F
0-2: Ground out 4-3 (Groundball, 4, EV 83.1 MPH)
Top of the 2nd over - 5 runs, 5 hits, 0 errors, 1 left on base; Milwaukee (NYP) 11 - Brooklyn 0
BOTTOM OF THE 2ND
Brooklyn Cyclones batting - Pitching for Milwaukee (NYP) Brewers : LHP Mike Moffett
Batting: RHB Tomas Raya 0-0: Called Strike
0-1: SOLO HOME RUN (Flyball, 78XD, EV 106.2 MPH), Distance : 430 ft
Batting: RHB Danny Runberg 0-0: Ball
1-0: DOUBLE (Flyball, 78D, EV 114.4 MPH)
Batting: RHB Matt Skipper 0-0: Swinging Strike
0-1: Called Strike
0-2: Ball
1-2: Foul Ball, location: 2F
1-2: SINGLE (Groundball, 56S, EV 68.8 MPH) (infield hit)
Danny Runberg to third
Batting: RHB David Kunze 0-0: Called Strike
0-1: Ball
1-1: Ball
2-1: SINGLE (Groundball, 56D, EV 100.6 MPH)
Danny Runberg scores
Matt Skipper to second
Batting: RHB Chris Artz 0-0: Ball
1-0: DOUBLE (Groundball, 5L, EV 108.1 MPH)
Matt Skipper scores
David Kunze to third
Batting: RHB Louwe Starmans 0-0: Swinging Strike
0-1: Called Strike
0-2: Strikes out swinging
Batting: RHB Junki Nakamoto 0-0: Fly out, F9 (Line Drive, 9D, EV 91.9 MPH)
Runner from 3rd tags up, SCORES, no throw by RF
Batting: SHB Alex Cavazos 0-0: Called Strike
0-1: 2-RUN HOME RUN (Flyball, 9LD, EV 93.1 MPH), Distance : 339 ft
Batting: RHB Jose Lara 0-0: Ball
1-0: Called Strike
1-1: SINGLE (Line Drive, 56D, EV 95.0 MPH)
Pitching: RHP Odmar van de Vijver
Batting: RHB Tomas Raya 0-0: Called Strike
0-1: Called Strike
0-2: Ground out 5-3 (Groundball, 56S, EV 68.1 MPH)
Bottom of the 2nd over - 6 runs, 7 hits, 0 errors, 1 left on base; Milwaukee (NYP) 11 - Brooklyn 6
TOP OF THE 3RD
Milwaukee (NYP) Brewers batting - Pitching for Brooklyn Cyclones : LHP Edwin Guzman
Batting: SHB Mike Williams 0-0: Called Strike
0-1: Ball
1-1: Ball
2-1: Ground out 6-3 (Groundball, 6, EV 90.6 MPH)
Batting: RHB Skyler Goss 0-0: Called Strike
0-1: Ball
1-1: Ball
2-1: SINGLE (Flyball, 78S, EV 90.0 MPH)
Batting: RHB Dustin Hartman 0-0: Ball
1-0: Foul Ball, location: 2F
1-1: Ball
2-1: Swinging Strike
2-2: Strikes out swinging
Batting: SHB Robert Sayer 0-0: Foul Ball, location: 2F
0-1: Fly out, F5 (Popup, 25F, EV 86.2 MPH)
Top of the 3rd over - 0 runs, 1 hit, 0 errors, 1 left on base; Milwaukee (NYP) 11 - Brooklyn 6
BOTTOM OF THE 3RD
Brooklyn Cyclones batting - Pitching for Milwaukee (NYP) Brewers : RHP Odmar van de Vijver
Batting: RHB Danny Runberg 0-0: SINGLE (Flyball, 8LS, EV 92.5 MPH)
Batting: RHB Matt Skipper 0-0: SINGLE (Line Drive, 6M, EV 99.4 MPH)
Danny Runberg to second
Runner from 2nd tries for 3rd, SAFE, throw by CF made to third
Batting: RHB David Kunze 0-0: Ball
1-0: Foul Ball, location: 2F
1-1: Ball
2-1: Ball
3-1: Foul Ball, location: 2F
3-2: Strikes out swinging
Batting: RHB Chris Artz 0-0: Ball
1-0: Called Strike
1-1: Ball
2-1: Foul Ball, location: 2F
2-2: Strikes out swinging
Batting: RHB Louwe Starmans 0-0: Ball
1-0: Foul Ball, location: 2F
1-1: Called Strike
1-2: Strikes out swinging
Bottom of the 3rd over - 0 runs, 2 hits, 0 errors, 2 left on base; Milwaukee (NYP) 11 - Brooklyn 6
TOP OF THE 4TH
Milwaukee (NYP) Brewers batting - Pitching for Brooklyn Cyclones : LHP Edwin Guzman
Pitching: RHP Alex Sandidge
Batting: RHB Ben Taylor 0-0: Called Strike
0-1: Ball
1-1: Foul Ball, location: 2F
1-2: Ball
2-2: Strikes out looking
Batting: RHB Raymond Young 0-0: Ball
1-0: Ball
2-0: Called Strike
2-1: Ball
3-1: Base on Balls
Batting: RHB Bobby McCann 0-0: Ball
1-0: Foul Ball, location: 2F
1-1: Ball
2-1: Called Strike
2-2: Ball
3-2: Reached on error, E3 (Groundball, 23, EV 80.6 MPH)
Raymond Young to second
Batting: RHB Hector Silva 0-0: Ball
1-0: Ball
2-0: Ball
3-0: Base on Balls
Raymond Young to third
Bobby McCann to second
Batting: RHB Jonathan Sarles 0-0: Called Strike
0-1: Ball
1-1: Ball
2-1: Foul Ball, location: 2F
2-2: Strikes out swinging
Batting: SHB Mike Williams 0-0: Called Strike
0-1: Foul Ball, location: 2F
0-2: GRAND SLAM HOME RUN (Flyball, 89XD, EV 103.8 MPH), Distance : 407 ft
Pitching: LHP Jonathan O'Donnell
Batting: RHB Skyler Goss 0-0: Ball
1-0: Swinging Strike
1-1: Swinging Strike
1-2: Foul Ball, location: 2F
1-2: Ball
2-2: Ball
3-2: SINGLE (Line Drive, 7LS, EV 95.0 MPH)
Batting: RHB Dustin Hartman 0-0: Ball
1-0: Fielders Choice at 2nd, 6-4 (Groundball, 6, EV 98.1 MPH)
Top of the 4th over - 4 runs, 2 hits, 1 error, 1 left on base; Milwaukee (NYP) 15 - Brooklyn 6
BOTTOM OF THE 4TH
Brooklyn Cyclones batting - Pitching for Milwaukee (NYP) Brewers : RHP Odmar van de Vijver
Batting: RHB Junki Nakamoto 0-0: Foul Ball, location: 2F
0-1: Ball
1-1: Called Strike
1-2: Ball
2-2: Foul Ball, location: 2F
2-2: Fly out, F3 (Popup, 34, EV 84.4 MPH)
Batting: SHB Alex Cavazos 0-0: Ground out 4-3 (Groundball, 4, EV 81.2 MPH)
Batting: RHB Jose Lara 0-0: Ball
1-0: Ball
2-0: Ball
3-0: Called Strike
3-1: Ground out 6-3 (Groundball, 6, EV 86.2 MPH)
Bottom of the 4th over - 0 runs, 0 hits, 0 errors, 0 left on base; Milwaukee (NYP) 15 - Brooklyn 6
TOP OF THE 5TH
Milwaukee (NYP) Brewers batting - Pitching for Brooklyn Cyclones : LHP Jonathan O'Donnell
Batting: SHB Robert Sayer 0-0: Ball
1-0: Ball
2-0: Ball
3-0: Called Strike
3-1: Base on Balls
Batting: RHB Ben Taylor 0-0: DOUBLE (Line Drive, 9LM, EV 94.4 MPH)
Robert Sayer to third
Batting: RHB Raymond Young 0-0: Ball
1-0: Swinging Strike
1-1: Ball
2-1: Fly out, F4 (Line Drive, 4, EV 66.2 MPH)
Batting: RHB Bobby McCann 0-0: Ball
1-0: Called Strike
1-1: Ball
2-1: Ball
3-1: Called Strike
3-2: Base on Balls
Batting: RHB Hector Silva 0-0: Ball
1-0: Ball
2-0: Fly out, F5 (Popup, 15, EV 80.6 MPH)
Batting: RHB Jonathan Sarles 0-0: Ball
1-0: Called Strike
1-1: Swinging Strike
1-2: Ball
2-2: Fly out, F8 (Flyball, 8LM, EV 89.4 MPH)
Top of the 5th over - 0 runs, 1 hit, 0 errors, 3 left on base; Milwaukee (NYP) 15 - Brooklyn 6
BOTTOM OF THE 5TH
Brooklyn Cyclones batting - Pitching for Milwaukee (NYP) Brewers : RHP Odmar van de Vijver
Batting: RHB Tomas Raya 0-0: Called Strike
0-1: Ground out 4-3 (Groundball, 4M, EV 100.0 MPH)
Batting: RHB Danny Runberg 0-0: Ball
1-0: Called Strike
1-1: Ground out 1-3 (Groundball, 13S, EV 71.9 MPH)
Batting: RHB Matt Skipper 0-0: Ball
1-0: Ball
2-0: Called Strike
2-1: Ground out 4-3 (Groundball, 4, EV 83.8 MPH)
Bottom of the 5th over - 0 runs, 0 hits, 0 errors, 0 left on base; Milwaukee (NYP) 15 - Brooklyn 6
TOP OF THE 6TH
Milwaukee (NYP) Brewers batting - Pitching for Brooklyn Cyclones : LHP Jonathan O'Donnell
Batting: SHB Mike Williams 0-0: Called Strike
0-1: Foul Ball, location: 2F
0-2: Ball
1-2: Strikes out swinging
Batting: RHB Skyler Goss 0-0: Called Strike
0-1: Ball
1-1: TRIPLE (Flyball, 89XD, EV 96.2 MPH)
Batting: RHB Dustin Hartman 0-0: Foul Ball, location: 2F
0-1: Swinging Strike
0-2: Foul Ball, location: 2F
0-2: SINGLE (Groundball, 56S, EV 64.4 MPH) (infield hit)
Skyler Goss scores
Batting: SHB Robert Sayer 0-0: Ball
1-0: DOUBLE (Line Drive, 8RXD, EV 100.6 MPH)
Dustin Hartman to third
Batting: RHB Ben Taylor 0-0: Ball
1-0: Swinging Strike
1-1: Called Strike
1-2: Foul Ball, location: 2F
1-2: Ball
2-2: Ground out 5-3 (Groundball, 56S, EV 90.6 MPH)
Dustin Hartman scores
Batting: RHB Raymond Young 0-0: Called Strike
0-1: Ball
1-1: Swinging Strike
1-2: Strikes out swinging
Top of the 6th over - 2 runs, 3 hits, 0 errors, 1 left on base; Milwaukee (NYP) 17 - Brooklyn 6
BOTTOM OF THE 6TH
Brooklyn Cyclones batting - Pitching for Milwaukee (NYP) Brewers : RHP Odmar van de Vijver
Pitching: RHP Brian Heimerman
Batting: RHB David Kunze 0-0: Called Strike
0-1: Called Strike
0-2: Strikes out swinging
Batting: RHB Chris Artz 0-0: Called Strike
0-1: Foul Ball, location: 2F
0-2: Foul Ball, location: 2F
0-2: Ball
1-2: Foul Ball, location: 2F
1-2: Strikes out swinging
Batting: RHB Louwe Starmans 0-0: Ground out 1-3 (Groundball, 34S, EV 64.4 MPH)
Bottom of the 6th over - 0 runs, 0 hits, 0 errors, 0 left on base; Milwaukee (NYP) 17 - Brooklyn 6
TOP OF THE 7TH
Milwaukee (NYP) Brewers batting - Pitching for Brooklyn Cyclones : LHP Jonathan O'Donnell
Pitching: RHP Danny Helm
Batting: RHB Bobby McCann 0-0: Ball
1-0: Ball
2-0: DOUBLE (Line Drive, 89M, EV 95.6 MPH)
Batting: RHB Hector Silva 0-0: Called Strike
0-1: Ball
1-1: Ball
2-1: Foul Ball, location: 2F
2-2: Foul Ball, location: 2F
2-2: Ball
3-2: Reached on error, E5 (Groundball, 56, EV 94.4 MPH)
Bobby McCann to third
Batting: RHB Jonathan Sarles 0-0: SINGLE (Line Drive, 6M, EV 102.5 MPH)
Bobby McCann scores
Hector Silva to second
Batting: SHB Mike Williams 0-0: Ball
1-0: Ball
2-0: Called Strike
2-1: Fielders Choice at 2nd, 1-4 (Groundball, 25, EV 63.1 MPH)
Hector Silva to third
Batting: RHB Skyler Goss 0-0: Ball
Balk!
Hector Silva scores
Mike Williams to second
1-0: Ball
2-0: Ball
3-0: Base on Balls
Batting: RHB Dustin Hartman 0-0: Ball
1-0: Called Strike
1-1: Ball
2-1: Ball
3-1: Grounds into double play, 4-6-3 (Groundball, 4, EV 103.1 MPH)
Top of the 7th over - 2 runs, 2 hits, 1 error, 1 left on base; Milwaukee (NYP) 19 - Brooklyn 6
BOTTOM OF THE 7TH
Brooklyn Cyclones batting - Pitching for Milwaukee (NYP) Brewers : RHP Brian Heimerman
Now at 1B: Adam Slade
Batting: RHB Junki Nakamoto 0-0: Called Strike
0-1: Ground out 5-3 (Groundball, 5S, EV 80.0 MPH)
Batting: SHB Alex Cavazos 0-0: Foul Ball, location: 2F
0-1: Foul Ball, location: 2F
0-2: Ball
1-2: DOUBLE (Line Drive, 78D, EV 107.5 MPH)
Pinch Hitting: RHB Tony Infante 0-0: Ball
1-0: Foul Ball, location: 2F
1-1: Called Strike
1-2: Ball
2-2: Ball
3-2: Foul Ball, location: 2F
3-2: Base on Balls
Pinch Hitting: RHB Craig Gangemi 0-0: Called Strike
0-1: Foul Ball, location: 2F
0-2: Ball
1-2: Ball
2-2: Ball
3-2: Base on Balls
Alex Cavazos to third
Tony Infante to second
Batting: RHB Danny Runberg 0-0: Swinging Strike
0-1: Foul Ball, location: 2F
0-2: Ball
1-2: Strikes out swinging
Batting: RHB Matt Skipper 0-0: Ground out 3-1 (Groundball, 34, EV 106.2 MPH)
Bottom of the 7th over - 0 runs, 1 hit, 0 errors, 3 left on base; Milwaukee (NYP) 19 - Brooklyn 6
TOP OF THE 8TH
Milwaukee (NYP) Brewers batting - Pitching for Brooklyn Cyclones : RHP Danny Helm
Now at 1B: Walt Couch
Now at 2B: Tony Infante
Batting: SHB Robert Sayer 0-0: Swinging Strike
0-1: Ball
1-1: SINGLE (Line Drive, 5D, EV 95.6 MPH)
Batting: RHB Ben Taylor 0-0: Swinging Strike
0-1: Called Strike
0-2: SINGLE (Groundball, 34D, EV 95.6 MPH)
Robert Sayer to second
Pitching: LHP Justin Martin
Batting: RHB Raymond Young 0-0: Called Strike
0-1: Foul Ball, location: 2F
0-2: Strikes out swinging
Batting: RHB Bobby McCann 0-0: Called Strike
0-1: Swinging Strike
0-2: Strikes out swinging
Batting: RHB Hector Silva 0-0: Ball
1-0: Ball
2-0: Called Strike
2-1: Foul Ball, location: 2F
2-2: Ball
3-2: Ground out 5-3 (Groundball, 56, EV 80.0 MPH)
Top of the 8th over - 0 runs, 2 hits, 0 errors, 2 left on base; Milwaukee (NYP) 19 - Brooklyn 6
BOTTOM OF THE 8TH
Brooklyn Cyclones batting - Pitching for Milwaukee (NYP) Brewers : RHP Brian Heimerman
Batting: RHB David Kunze 0-0: Called Strike
0-1: Ball
1-1: Ground out 4-3 (Groundball, 4S, EV 83.8 MPH)
Batting: RHB Chris Artz 0-0: Swinging Strike
0-1: Called Strike
0-2: Ball
1-2: Strikes out swinging
Batting: RHB Louwe Starmans 0-0: Called Strike
0-1: Ball
1-1: Ball
2-1: Foul Ball, location: 2F
2-2: Ball
3-2: Strikes out looking
Bottom of the 8th over - 0 runs, 0 hits, 0 errors, 0 left on base; Milwaukee (NYP) 19 - Brooklyn 6
TOP OF THE 9TH
Milwaukee (NYP) Brewers batting - Pitching for Brooklyn Cyclones : LHP Justin Martin
Batting: RHB Jonathan Sarles 0-0: Called Strike
0-1: Ball
1-1: Ball
2-1: SOLO HOME RUN (Flyball, 7LD, EV 93.1 MPH), Distance : 343 ft
Batting: SHB Mike Williams 0-0: Foul Ball, location: 2F
0-1: Called Strike
0-2: Foul Ball, location: 2F
0-2: Foul Ball, location: 2F
0-2: Ball
1-2: Ball
2-2: Ball
3-2: SINGLE (Flyball, 78S, EV 100.6 MPH)
Batting: RHB Skyler Goss 0-0: Fly out, F7 (Flyball, 7LD, EV 99.4 MPH)
Batting: SHB Adam Slade 0-0: Called Strike
Balk!
Mike Williams to second
0-1: Swinging Strike
0-2: Ball
1-2: Foul Ball, location: 2F
1-2: Ball
Balk!
Mike Williams to third
2-2: Strikes out swinging
Batting: SHB Robert Sayer 0-0: Called Strike
0-1: SINGLE (Line Drive, 78S, EV 89.4 MPH)
Mike Williams scores
Batting: RHB Ben Taylor 0-0: Ball
1-0: Ball
2-0: Ball
3-0: Base on Balls
Robert Sayer to second
Batting: RHB Raymond Young 0-0: Called Strike
0-1: Swinging Strike
0-2: Ball
1-2: Foul Ball, location: 2F
1-2: Strikes out swinging
Top of the 9th over - 2 runs, 3 hits, 0 errors, 2 left on base; Milwaukee (NYP) 21 - Brooklyn 6
BOTTOM OF THE 9TH
Brooklyn Cyclones batting - Pitching for Milwaukee (NYP) Brewers : RHP Brian Heimerman
Batting: RHB Junki Nakamoto 0-0: Called Strike
0-1: Ball
1-1: Ball
2-1: Foul Ball, location: 2F
2-2: Ball
3-2: Strikes out swinging
Pitching: LHP John Miller
Batting: SHB Alex Cavazos 0-0: Ball
1-0: Ball
2-0: Called Strike
2-1: Ball
3-1: Foul Ball, location: 2F
3-2: Strikes out swinging
Batting: RHB Tony Infante 0-0: Ball
1-0: Ball
2-0: Called Strike
2-1: Ball
3-1: Ground out 2-3 (Groundball, 15S, EV 76.9 MPH)
Bottom of the 9th over - 0 runs, 0 hits, 0 errors, 0 left on base; Milwaukee (NYP) 21 - Brooklyn 6
Wednesday, June 22nd , 2022 - OOTP Baseball 23.4 Build 64